Blues vs Wild

Created - 2 décembre 2017 at 15:55

Goals
1 2 3 T
Blues 2 2 0 4
Wild 1 0 1 2
Shots
1 2 3 T
Blues 7 10 13 30
Wild 21 9 17 47

1st period

1. Wild , Mark Stone 16 (Jason Pominville 18, Ian White 7) at 0:12
2. Blues , Sidney Crosby 13 (Patric Hornqvist 16, David Savard 4) at 1:19 (PP)
3. Blues , Sidney Crosby 14 (Oscar Klefbom 11, Oliver Setzinger 4) at 4:56 (PP)

Penalties :
Anton Volchenkov (MIN) for Holding (Minor) at 1:03, Dylan Hunter (MIN) for High sticking (Minor) at 4:50, Dylan Hunter (MIN) for Roughing (Minor) at 13:08

2nd period

4. Blues , Patric Hornqvist 10 (Keith Yandle 7, David Savard 5) at 5:25 (PP)
5. Blues , Michal Birner 9 (Frans Nielsen 13) at 5:29

Penalties :
Anton Volchenkov (MIN) for Slashing (Minor) at 4:52, David Savard (STL) for Interference (Minor) at 18:08

3rd period

6. Wild , Jason Pominville 14 (Marvin Degon 11, Mark Stone 15) at 11:44

Penalties :
Sidney Crosby (STL) for Hooking (Minor) at 3:31, Matt D'Agostini (STL) for Slashing (Minor) at 7:22, Marvin Degon (MIN) for Hooking (Minor) at 13:18

Goalie Stats

Simeon Varlamov (STL), 45 saves from 47 shots - (0,957), W, 14-9-0, 60:00 minutes
John Gibson (MIN), 26 saves from 30 shots - (0,867), L, 9-8-3, 60:00 minutes

Players Stats for Blues

Player Name              G  A  P  +/- PIM S  H  SB GA TA FO     MP     PP MP  PK MP  
------------------------------------------------------------------------------------
Anders Lee               0  0  0   0  0   2  0  0  0  0  0/0     6:22   1:53   0:00 
Chad LaRose              0  0  0   0  0   0  0  0  0  0  0/0     5:46   0:00   1:17 
David Savard             0  2  2  -2  2   2  3  1  0  0  0/0    22:30   2:16   2:23 
Frans Nielsen            0  1  1   1  0   3  1  0  0  0  15/21  12:52   0:00   0:57 
Jacob Josefson           0  0  0   0  0   1  0  0  0  0  2/7     4:29   0:00   0:00 
Keith Yandle             0  1  1   0  0   2  0  0  0  0  0/0    16:56   2:54   0:30 
Martin Erat              0  0  0  -2  0   0  1  0  0  0  1/1    19:10   1:53   1:05 
Matt D'Agostini          0  0  0   1  2   0  1  0  0  0  1/3    14:54   0:00   3:00 
Michal Birner            1  0  1   1  0   1  0  0  0  0  0/0    11:55   0:00   0:00 
Mike Weber               0  0  0   1  0   0  4  1  0  0  0/0    21:11   1:59   2:40 
Nate Guenin              0  0  0   0  0   0  3  3  0  0  0/0    18:24   0:00   3:38 
Oliver Setzinger         0  1  1   0  0   1  2  0  0  0  2/3    19:34   3:00   0:00 
Oscar Klefbom            0  1  1  -2  0   1  0  1  0  0  0/0    23:06   1:59   2:01 
Patric Hornqvist         1  1  2  -2  0   7  0  0  0  0  2/5    18:31   2:19   0:00 
Ryan Getzlaf             0  0  0  -2  0   4  2  1  0  0  12/31  21:15   1:53   3:10 
Sidney Crosby            2  0  2   0  2   5  1  0  0  0  18/38  21:58   3:00   2:25 
Tobias Rieder            0  0  0   0  0   0  0  0  0  0  0/2    17:15   0:41   0:00 
Trevor Daley             0  0  0   1  0   1  0  2  0  0  0/0    17:52   0:38   0:42 

Players Stats for Wild

Player Name              G  A  P  +/- PIM S  H  SB GA TA FO     MP     PP MP  PK MP  
------------------------------------------------------------------------------------
Andy Greene              0  0  0   1  0   2  0  0  0  0  0/0    21:09   0:54   0:25 
Anton Volchenkov         0  0  0  -1  4   1  1  3  0  0  0/0    16:54   2:45   2:05 
Colin Wilson             0  0  0  -1  0   2  0  0  0  0  0/0     6:03   0:00   0:00 
Drew Miller              0  0  0   0  0   2  0  0  0  0  3/14   14:42   2:42   2:23 
Dylan Hunter             0  0  0   0  4   7  5  0  0  0  1/2    18:44   2:21   0:00 
Ian White                0  1  1   1  0   2  4  1  0  0  0/0    24:54   2:18   2:46 
Jason Pominville         1  1  2   2  0   4  0  0  0  0  1/2    17:05   0:00   0:00 
Johan Franzen            0  0  0   0  0   2  1  1  0  0  2/6    14:49   2:42   2:30 
Leon Draisaitl           0  0  0   0  0   2  0  0  0  0  1/1    17:19   0:54   0:00 
Mark Stone               1  1  2   2  0   5  1  0  0  0  1/2    19:26   2:21   0:00 
Marvin Degon             0  1  1   1  2   3  0  0  0  0  0/0    20:33   2:18   1:02 
Matt Duchene             0  0  0   2  0   7  0  0  0  0  23/36  23:11   3:36   2:30 
Mikko Koivu              0  0  0   0  0   3  0  0  0  0  21/40  21:09   2:21   2:23 
Nicolas Blanchard        0  0  0  -1  0   2  1  0  0  0  1/1     6:57   0:54   0:00 
Paul Ranger              0  0  0   1  0   0  1  1  0  0  0/0    19:55   0:54   1:47 
Peter Olvecky            0  0  0   0  0   2  2  1  0  0  0/0     9:37   0:00   0:00 
Ryan Hamilton            0  0  0  -1  0   1  0  0  0  0  4/7     6:03   0:00   0:00 
Tim Conboy               0  0  0  -1  0   0  0  2  0  0  0/0    16:32   2:45   1:41 

3 Stars

1 - Simeon Varlamov (STL)
2 - Sidney Crosby (STL)
3 - Mark Stone (MIN)

Power Play

Blues - 3 on 5 Attempt(s) - 60,00%
Wild - 0 on 3 Attempt(s) - 0,00%

Penalty Kill

Blues - 3 on 3 Attempt(s) - 100,00% - Score 0 goal in Penalty Kill
Wild - 2 on 5 Attempt(s) - 40,00% - Score 0 goal in Penalty Kill

Team Stat

Blues - Hits : 18 - Faceoff Wins : 53 - Blocked Shots : 9 - Penalty Minutes : 6
Wild - Hits : 16 - Faceoff Wins : 58 - Blocked Shots : 9 - Penalty Minutes : 10

Official

Referees : Eric Furlatt and Ryan Fraser
Linesman : Kevin Hall and Jean Menard

Game Notes

No Game Note

Finance

Level 1 -- Attendance: 5618 (93,63%) -- Ticket Income 561 800 $
Level 2 -- Attendance: 5000 (100,00%) -- Ticket Income 300 000 $
Level 3 -- Attendance: 2000 (100,00%) -- Ticket Income 70 000 $
Level 4 -- Attendance: 4000 (100,00%) -- Ticket Income 80 000 $
Luxury Box -- Attendance: 1834 (100,00%) -- Ticket Income 366 800 $
Game was played at the Xcel Energy Center.
Total Attendance: 18452 (97,97%)
Total Ticket Income: 1 378 600 $
Other Income: 675 514 $
Total Income: 2 054 114 $

Blues

5 vs 5 Forward 
   Center                   Left Wing                Right Wing               Time % Phy DF OF 
 1 Ryan Getzlaf             Martin Erat              Patric Hornqvist         35     1   1  3  
 2 Sidney Crosby            Oliver Setzinger         Tobias Rieder            34     0   2  3  
 3 Frans Nielsen            Michal Birner            Matt D'Agostini          25     0   2  3  
 4 Jacob Josefson           Anders Lee               Chad LaRose              6      1   3  1  

5 vs 5 Defense 
   Defense                  Defense                                           Time % Phy DF OF 
 1 Oscar Klefbom            David Savard                                      35     0   3  2  
 2 Trevor Daley             Mike Weber                                        33     0   3  2  
 3 Keith Yandle             Nate Guenin                                       26     0   3  2  
 4 Oscar Klefbom            Nate Guenin                                       6      0   3  2  

PowerPlay Forward 
   Center                   Left Wing                Right Wing               Time % Phy DF OF 
 1 Sidney Crosby            Oliver Setzinger         Patric Hornqvist         50     0   1  4  
 2 Ryan Getzlaf             Martin Erat              Anders Lee               50     0   1  4  

PowerPlay Defense
   Defense                  Defense                                           Time % Phy DF OF 
 1 David Savard             Keith Yandle                                      60     0   2  3  
 2 Oscar Klefbom            Mike Weber                                        40     0   2  3  

Penalty Kill 4 Players Forward 
   Center                   Wing                     Time % Phy DF OF 
 1 Sidney Crosby            Matt D'Agostini          60     0   4  1  
 2 Frans Nielsen            Martin Erat              40     0   4  1  

Penalty Kill 4 Players Defense
   Defense                  Defense                  Time % Phy DF OF 
 1 Nate Guenin              David Savard             60     0   3  2  
 2 Mike Weber               Oscar Klefbom            40     0   3  2  

Penalty Kill - 3 Players Forward 
   Forward                                           Time % Phy DF OF 
 1 Sidney Crosby                                     60     0   3  2  
 2 Frans Nielsen                                     40     0   3  2  

Penalty Kill - 3 Players Defense
   Defense                  Defense                  Time % Phy DF OF 
 1 Mike Weber               Trevor Daley             60     0   3  2  
 2 Nate Guenin              Oscar Klefbom            40     0   3  2  

4 vs 4 Forward 
   Center                   Wing                     Time % Phy DF OF 
 1 Sidney Crosby            Anders Lee               60     0   2  3  
 2 Frans Nielsen            Matt D'Agostini          40     0   2  3  

4 vs 4 Defense
   Defense                  Defense                  Time % Phy DF OF 
 1 Oscar Klefbom            Keith Yandle             60     1   2  2  
 2 David Savard             Mike Weber               40     1   2  2  

Last Minutes Offensive
   Center                   Left Wing                Right Wing               Defense                  Defense                  
   Ryan Getzlaf             Michal Birner            Patric Hornqvist         Mike Weber               David Savard             

Last Minutes Defensive
   Center                   Left Wing                Right Wing               Defense                  Defense                  
   Frans Nielsen            Martin Erat              Patric Hornqvist         David Savard             Nate Guenin              

Goaltenders
Starting : Simeon Varlamov          
Backup : Jason Bacashihua         

Extra Forwards
Normal : Anders Lee, Oliver Setzinger, Tobias Rieder - PP : Anders Lee, Tobias Rieder - PK : Ryan Getzlaf
Extra Defensemen
Normal : Nate Guenin, Mike Weber, Trevor Daley - PP : Oscar Klefbom - PK : Mike Weber, Trevor Daley
Penalty Shots
Ryan Getzlaf, Frans Nielsen, Patric Hornqvist, Martin Erat, Michal Birner
Custom OT Lines Forwards
Ryan Getzlaf, Patric Hornqvist, Tobias Rieder, Sidney Crosby, Matt D'Agostini, Frans Nielsen, Jacob Josefson, Martin Erat, Oliver Setzinger, Anders Lee
Custom OT Lines Defensemen
David Savard, Mike Weber, Trevor Daley, Oscar Klefbom, Nate Guenin

Scratches
None

Wild

5 vs 5 Forward 
   Center                   Left Wing                Right Wing               Time % Phy DF OF 
 1 Matt Duchene             Mark Stone               Jason Pominville         36     0   2  3  
 2 Mikko Koivu              Dylan Hunter             Leon Draisaitl           34     0   2  3  
 3 Drew Miller              Johan Franzen            Peter Olvecky            20     0   2  3  
 4 Ryan Hamilton            Nicolas Blanchard        Colin Wilson             10     0   3  2  

5 vs 5 Defense 
   Defense                  Defense                                           Time % Phy DF OF 
 1 Andy Greene              Ian White                                         36     1   2  2  
 2 Paul Ranger              Marvin Degon                                      32     1   2  2  
 3 Anton Volchenkov         Tim Conboy                                        22     1   2  2  
 4 Andy Greene              Ian White                                         10     1   2  2  

PowerPlay Forward 
   Center                   Left Wing                Right Wing               Time % Phy DF OF 
 1 Johan Franzen            Drew Miller              Matt Duchene             53     0   0  5  
 2 Mikko Koivu              Dylan Hunter             Mark Stone               47     0   0  5  

PowerPlay Defense
   Defense                  Defense                                           Time % Phy DF OF 
 1 Tim Conboy               Anton Volchenkov                                  54     0   2  3  
 2 Ian White                Marvin Degon                                      46     0   2  3  

Penalty Kill 4 Players Forward 
   Center                   Wing                     Time % Phy DF OF 
 1 Matt Duchene             Johan Franzen            52     0   4  1  
 2 Mikko Koivu              Drew Miller              48     0   4  1  

Penalty Kill 4 Players Defense
   Defense                  Defense                  Time % Phy DF OF 
 1 Ian White                Anton Volchenkov         53     0   4  1  
 2 Tim Conboy               Marvin Degon             47     0   4  1  

Penalty Kill - 3 Players Forward 
   Forward                                           Time % Phy DF OF 
 1 Johan Franzen                                     51     0   4  1  
 2 Mikko Koivu                                       49     0   4  1  

Penalty Kill - 3 Players Defense
   Defense                  Defense                  Time % Phy DF OF 
 1 Ian White                Anton Volchenkov         52     0   5  0  
 2 Paul Ranger              Marvin Degon             48     0   5  0  

4 vs 4 Forward 
   Center                   Wing                     Time % Phy DF OF 
 1 Matt Duchene             Johan Franzen            51     0   2  3  
 2 Mikko Koivu              Jason Pominville         49     0   2  3  

4 vs 4 Defense
   Defense                  Defense                  Time % Phy DF OF 
 1 Anton Volchenkov         Ian White                52     0   2  3  
 2 Paul Ranger              Marvin Degon             48     0   2  3  

Last Minutes Offensive
   Center                   Left Wing                Right Wing               Defense                  Defense                  
   Matt Duchene             Mark Stone               Jason Pominville         Marvin Degon             Tim Conboy               

Last Minutes Defensive
   Center                   Left Wing                Right Wing               Defense                  Defense                  
   Matt Duchene             Johan Franzen            Mark Stone               Andy Greene              Ian White                

Goaltenders
Starting : John Gibson              
Backup : Yann Danis               

Extra Forwards
Normal : Mikko Koivu, Johan Franzen, Drew Miller - PP : Mikko Koivu, Johan Franzen - PK : Drew Miller
Extra Defensemen
Normal : Anton Volchenkov, Marvin Degon, Paul Ranger - PP : Anton Volchenkov - PK : Anton Volchenkov, Paul Ranger
Penalty Shots
Drew Miller, Johan Franzen, Mikko Koivu, Matt Duchene, Mark Stone
Custom OT Lines Forwards
Jason Pominville, Matt Duchene, Mikko Koivu, Mark Stone, Leon Draisaitl, Dylan Hunter, Johan Franzen, Drew Miller, Colin Wilson, Peter Olvecky
Custom OT Lines Defensemen
Tim Conboy, Ian White, Paul Ranger, Marvin Degon, Anton Volchenkov

Scratches
Radek Faksa (Healthy), Mike Komisarek (Healthy), Josh Harding (Healthy)

% Time on Ice - Blues

Lines # - Real PCT - Wanted PCT - Time Play
Normal Forward
1 - 33% - 35% - 16:12
2 - 34% - 34% - 16:34
3 - 24% - 25% - 11:55
4 - 9% - 6% - 4:29
Normal Defense
1 - 36% - 35% - 17:52
2 - 34% - 33% - 16:32
3 - 28% - 26% - 13:32
4 - 3% - 6% - 1:14
PP Forward
1 - 61% - 50% - 3:00
2 - 39% - 50% - 1:53
PP Defense
1 - 59% - 60% - 2:54
2 - 41% - 40% - 1:59
PK Forward
1 - 92% - 60% - 5:27
2 - 8% - 40% - 0:30
PK Defense
1 - 66% - 60% - 3:56
2 - 34% - 40% - 2:01
PK3 Forward
1 - 0% - 60%
2 - 0% - 40%
PK3 Defense
1 - 0% - 60%
2 - 0% - 40%
44 Forward
1 - 0% - 60%
2 - 0% - 40%
44 Defense
1 - 0% - 60%
2 - 0% - 40%
Last Minute Offensive  - 0:00
Last Minute Defensive  - 0:00
Total
Forward - 60:00
Defense - 60:00

% Time on Ice - Wild

Lines # - Real PCT - Wanted PCT - Time Play
Normal Forward
1 - 35% - 36% - 17:05
2 - 33% - 34% - 16:25
3 - 20% - 20% - 9:37
4 - 12% - 10% - 6:03
Normal Defense
1 - 35% - 36% - 17:04
2 - 35% - 32% - 17:14
3 - 25% - 22% - 12:06
4 - 6% - 10% - 2:46
PP Forward
1 - 61% - 53% - 3:36
2 - 39% - 47% - 2:21
PP Defense
1 - 46% - 54% - 2:45
2 - 54% - 46% - 3:12
PK Forward
1 - 51% - 52% - 2:30
2 - 49% - 48% - 2:23
PK Defense
1 - 57% - 53% - 2:46
2 - 43% - 47% - 2:07
PK3 Forward
1 - 0% - 51%
2 - 0% - 49%
PK3 Defense
1 - 0% - 52%
2 - 0% - 48%
44 Forward
1 - 0% - 51%
2 - 0% - 49%
44 Defense
1 - 0% - 52%
2 - 0% - 48%
Last Minute Offensive  - 0:00
Last Minute Defensive  - 0:00
Total
Forward - 60:00
Defense - 60:00

Play by Play

1st period


0:01 of 1st period - Matt Duchene wins face-off versus Ryan Getzlaf in neutral zone.
0:12 of 1st period - Shot by Mark Stone.
0:12 of 1st period - Goal by Mark Stone - Blues : 0 - Wild : 1.
0:13 of 1st period - Sidney Crosby wins face-off versus Mikko Koivu in neutral zone.
0:26 of 1st period - Shot by Mikko Koivu.
0:26 of 1st period - Shot Blocked by Trevor Daley.
0:28 of 1st period - Shot by Marvin Degon.
0:28 of 1st period - Stopped by Simeon Varlamov without a rebound.
0:29 of 1st period - Frans Nielsen wins face-off versus Drew Miller in Blues zone.
0:34 of 1st period - Shot by Johan Franzen.
0:34 of 1st period - Shot Blocked by Nate Guenin.
0:36 of 1st period - Shot by Anton Volchenkov.
0:36 of 1st period - Stopped by Simeon Varlamov without a rebound.
0:37 of 1st period - Nicolas Blanchard wins face-off versus Jacob Josefson in Blues zone.
0:48 of 1st period - Shot by Anders Lee.
0:48 of 1st period - Deflect By Jacob Josefson.
0:48 of 1st period - Stopped by John Gibson without a rebound.
0:49 of 1st period - Frans Nielsen wins face-off versus Mark Stone in Wild zone.
1:03 of 1st period - Minor Penalty to Anton Volchenkov for Holding.
1:04 of 1st period - Patric Hornqvist wins face-off versus Matt Duchene in Wild zone.
1:13 of 1st period - Shot by Sidney Crosby.
1:13 of 1st period - Shot Misses the Net.
1:15 of 1st period - Shot by David Savard.
1:15 of 1st period - Shot Blocked by Paul Ranger.
1:19 of 1st period - Shot by Sidney Crosby.
1:19 of 1st period - Goal by Sidney Crosby - Blues : 1 - Wild : 1.
1:20 of 1st period - Ryan Getzlaf wins face-off versus Mikko Koivu in neutral zone.
1:33 of 1st period - Shot by Mikko Koivu.
1:33 of 1st period - Stopped by Simeon Varlamov without a rebound.
1:34 of 1st period - Sidney Crosby wins face-off versus Drew Miller in Blues zone.
1:47 of 1st period - Tobias Rieder is hit by Peter Olvecky and loses puck.
1:56 of 1st period - Shot by Peter Olvecky.
1:56 of 1st period - Stopped by Simeon Varlamov without a rebound.
1:57 of 1st period - Jason Pominville wins face-off versus Patric Hornqvist in Blues zone.
2:04 of 1st period - Shot by Andy Greene.
2:04 of 1st period - Stopped by Simeon Varlamov without a rebound.
2:05 of 1st period - Ryan Getzlaf wins face-off versus Mikko Koivu in Blues zone.
2:14 of 1st period - Ian White is hit by Ryan Getzlaf.
2:15 of 1st period - Icing by Ian White.
2:16 of 1st period - Mikko Koivu wins face-off versus Frans Nielsen in Wild zone.
2:35 of 1st period - Shot by Dylan Hunter.
2:35 of 1st period - Shot Misses the Net.
2:39 of 1st period - Shot by Mikko Koivu.
2:39 of 1st period - Stopped by Simeon Varlamov without a rebound.
2:40 of 1st period - Oliver Setzinger wins face-off versus Matt Duchene in Blues zone.
3:13 of 1st period - Shot by Jason Pominville.
3:13 of 1st period - Shot Misses the Net.
3:15 of 1st period - Shot by Jason Pominville.
3:15 of 1st period - Shot Misses the Net.
3:17 of 1st period - Shot by Jason Pominville.
3:17 of 1st period - Deflect By Mark Stone.
3:17 of 1st period - Stopped by Simeon Varlamov with a rebound.
3:19 of 1st period - Shot by Mark Stone.
3:19 of 1st period - Shot Misses the Net.
3:21 of 1st period - Shot by Jason Pominville.
3:21 of 1st period - Deflect By Matt Duchene.
3:21 of 1st period - Stopped by Simeon Varlamov without a rebound.
3:22 of 1st period - Ryan Getzlaf wins face-off versus Drew Miller in Blues zone.
3:22 of 1st period - Ryan Getzlaf is hit by Johan Franzen.
4:20 of 1st period - Shot by Mikko Koivu.
4:20 of 1st period - Deflect By Dylan Hunter.
4:20 of 1st period - Stopped by Simeon Varlamov without a rebound.
4:21 of 1st period - Matt Duchene wins face-off versus Frans Nielsen in Blues zone.
4:32 of 1st period - Shot by Matt Duchene.
4:32 of 1st period - Shot Misses the Net.
4:34 of 1st period - Shot by Paul Ranger.
4:34 of 1st period - Shot Misses the Net.
4:42 of 1st period - Shot by Jason Pominville.
4:42 of 1st period - Shot Blocked by Oscar Klefbom.
4:44 of 1st period - Shot by Matt Duchene.
4:44 of 1st period - Stopped by Simeon Varlamov with a rebound.
4:46 of 1st period - Shot by Jason Pominville.
4:46 of 1st period - Stopped by Simeon Varlamov without a rebound.
4:47 of 1st period - Sidney Crosby wins face-off versus Mikko Koivu in Blues zone.
4:47 of 1st period - Sidney Crosby is hit by Dylan Hunter.
4:50 of 1st period - Minor Penalty to Dylan Hunter for High sticking.
4:51 of 1st period - Oliver Setzinger wins face-off versus Mikko Koivu in Wild zone.
4:56 of 1st period - Shot by Sidney Crosby.
4:56 of 1st period - Goal by Sidney Crosby - Blues : 2 - Wild : 1.
4:57 of 1st period - Sidney Crosby wins face-off versus Mikko Koivu in neutral zone.
5:18 of 1st period - Shot by Sidney Crosby.
5:18 of 1st period - Shot Blocked by Ian White.
6:10 of 1st period - Shot by Ryan Hamilton.
6:10 of 1st period - Shot Misses the Net.
6:18 of 1st period - Shot by Patric Hornqvist.
6:18 of 1st period - Stopped by John Gibson without a rebound.
6:19 of 1st period - Frans Nielsen wins face-off versus Matt Duchene in Wild zone.
7:01 of 1st period - Shot by Michal Birner.
7:01 of 1st period - Shot Misses the Net.
7:29 of 1st period - Shot by Drew Miller.
7:29 of 1st period - Shot Misses the Net.
7:31 of 1st period - Shot by Andy Greene.
7:31 of 1st period - Shot Misses the Net.
8:23 of 1st period - Shot by Anders Lee.
8:23 of 1st period - Shot Misses the Net.
8:45 of 1st period - Off-side.
8:46 of 1st period - Ryan Hamilton wins face-off versus Oliver Setzinger in neutral zone.
8:46 of 1st period - Ryan Hamilton is hit by Oliver Setzinger.
8:50 of 1st period - Shot by Colin Wilson.
8:50 of 1st period - Stopped by Simeon Varlamov without a rebound.
8:51 of 1st period - Sidney Crosby wins face-off versus Dylan Hunter in Blues zone.
8:53 of 1st period - Icing by Nate Guenin.
8:54 of 1st period - Mikko Koivu wins face-off versus Sidney Crosby in Blues zone.
9:07 of 1st period - Shot by Dylan Hunter.
9:07 of 1st period - Deflect By Leon Draisaitl.
9:07 of 1st period - Stopped by Simeon Varlamov without a rebound.
9:08 of 1st period - Frans Nielsen wins face-off versus Jason Pominville in Blues zone.
9:26 of 1st period - Icing by David Savard.
9:27 of 1st period - Leon Draisaitl wins face-off versus Frans Nielsen in Blues zone.
9:34 of 1st period - Shot by Leon Draisaitl.
9:34 of 1st period - Shot Misses the Net.
9:48 of 1st period - Shot by Dylan Hunter.
9:48 of 1st period - Stopped by Simeon Varlamov without a rebound.
9:49 of 1st period - Matt Duchene wins face-off versus Sidney Crosby in Blues zone.
9:50 of 1st period - Shot by Mark Stone.
9:50 of 1st period - Stopped by Simeon Varlamov without a rebound.
9:51 of 1st period - Matt Duchene wins face-off versus Sidney Crosby in Blues zone.
9:54 of 1st period - Shot by Matt Duchene.
9:54 of 1st period - Shot Misses the Net.
10:12 of 1st period - Icing by Jason Pominville.
10:13 of 1st period - Matt Duchene wins face-off versus Ryan Getzlaf in Wild zone.
10:13 of 1st period - Matt Duchene is hit by Ryan Getzlaf.
10:23 of 1st period - Shot by Matt Duchene.
10:23 of 1st period - Stopped by Simeon Varlamov without a rebound.
10:24 of 1st period - Sidney Crosby wins face-off versus Mikko Koivu in Blues zone.
10:56 of 1st period - Shot by Dylan Hunter.
10:56 of 1st period - Shot Blocked by Trevor Daley.
11:06 of 1st period - Shot by Leon Draisaitl.
11:06 of 1st period - Stopped by Simeon Varlamov without a rebound.
11:07 of 1st period - Martin Erat wins face-off versus Matt Duchene in Blues zone.
11:13 of 1st period - Icing by Martin Erat.
11:14 of 1st period - Matt Duchene wins face-off versus Ryan Getzlaf in Blues zone.
11:36 of 1st period - Mark Stone is hit by David Savard and loses puck.
11:41 of 1st period - Shot by Mark Stone.
11:41 of 1st period - Shot Misses the Net.
11:43 of 1st period - Shot by Matt Duchene.
11:43 of 1st period - Shot Misses the Net.
11:45 of 1st period - Shot by Jason Pominville.
11:45 of 1st period - Shot Misses the Net.
12:16 of 1st period - Nicolas Blanchard is hit by Martin Erat and loses puck.
12:41 of 1st period - Icing by Anton Volchenkov.
12:42 of 1st period - Frans Nielsen wins face-off versus Ryan Hamilton in Wild zone.
12:53 of 1st period - Shot by Nicolas Blanchard.
12:53 of 1st period - Stopped by Simeon Varlamov with a rebound.
12:55 of 1st period - Shot by Anton Volchenkov.
12:55 of 1st period - Shot Misses the Net.
13:07 of 1st period - Nate Guenin is hit by Dylan Hunter and loses puck.
13:08 of 1st period - Minor Penalty to Dylan Hunter for Roughing.
13:09 of 1st period - Matt Duchene wins face-off versus Sidney Crosby in Wild zone.
13:24 of 1st period - Shot by Oliver Setzinger.
13:24 of 1st period - Shot Misses the Net.
13:32 of 1st period - Shot by Sidney Crosby.
13:32 of 1st period - Stopped by John Gibson with a rebound.
13:34 of 1st period - Shot by Trevor Daley.
13:34 of 1st period - Shot Misses the Net.
13:58 of 1st period - Shot by Mike Weber.
13:58 of 1st period - Shot Blocked by Anton Volchenkov.
15:15 of 1st period - Mike Weber is hit by Nicolas Blanchard and loses puck.
15:30 of 1st period - Ryan Hamilton is hit by Matt D'Agostini and loses puck.
15:40 of 1st period - Icing by Mike Weber.
15:41 of 1st period - Frans Nielsen wins face-off versus Mikko Koivu in Blues zone.
15:41 of 1st period - Frans Nielsen is hit by Dylan Hunter.
15:58 of 1st period - Shot by Leon Draisaitl.
15:58 of 1st period - Deflect By Dylan Hunter.
15:58 of 1st period - Stopped by Simeon Varlamov without a rebound.
15:59 of 1st period - Matt Duchene wins face-off versus Jacob Josefson in Blues zone.
16:27 of 1st period - Icing by Nate Guenin.
16:28 of 1st period - Jacob Josefson wins face-off versus Mikko Koivu in Blues zone.
16:52 of 1st period - Icing by Paul Ranger.
16:53 of 1st period - Mikko Koivu wins face-off versus Tobias Rieder in Wild zone.
16:53 of 1st period - Mikko Koivu is hit by Oliver Setzinger.
17:17 of 1st period - Shot by Sidney Crosby.
17:17 of 1st period - Stopped by John Gibson without a rebound.
17:18 of 1st period - Matt Duchene wins face-off versus Ryan Getzlaf in Wild zone.
17:27 of 1st period - Shot by Martin Erat.
17:27 of 1st period - Shot Misses the Net.
17:29 of 1st period - Shot by Patric Hornqvist.
17:29 of 1st period - Stopped by John Gibson without a rebound.
17:30 of 1st period - Frans Nielsen wins face-off versus Drew Miller in Wild zone.
17:33 of 1st period - Shot by Keith Yandle.
17:33 of 1st period - Shot Misses the Net.
17:35 of 1st period - Shot by Matt D'Agostini.
17:35 of 1st period - Shot Hit the Post.
18:09 of 1st period - Off-side.
18:10 of 1st period - Sidney Crosby wins face-off versus Matt Duchene in neutral zone.
18:27 of 1st period - Shot by Matt Duchene.
18:27 of 1st period - Shot Misses the Net.
18:43 of 1st period - Shot by Mark Stone.
18:43 of 1st period - Shot Misses the Net.
18:45 of 1st period - Shot by Andy Greene.
18:45 of 1st period - Shot Misses the Net.
18:47 of 1st period - Shot by Mark Stone.
18:47 of 1st period - Stopped by Simeon Varlamov without a rebound.
18:48 of 1st period - Mikko Koivu wins face-off versus Ryan Getzlaf in Blues zone.
19:52 of 1st period - Drew Miller is hit by Nate Guenin.
Goals for this period are 2 for Blues vs 1 for Wild.
Shots for this period are 7 for Blues vs 21 for Wild.

2nd period


0:01 of 2nd period - Sidney Crosby wins face-off versus Matt Duchene in neutral zone.
1:30 of 2nd period - Shot by Leon Draisaitl.
1:30 of 2nd period - Shot Blocked by Nate Guenin.
2:19 of 2nd period - Shot by Johan Franzen.
2:19 of 2nd period - Stopped by Simeon Varlamov with a rebound.
2:31 of 2nd period - Andy Greene is hit by Frans Nielsen and loses puck.
2:50 of 2nd period - Shot by Colin Wilson.
2:50 of 2nd period - Stopped by Simeon Varlamov with a rebound.
2:52 of 2nd period - Shot by Andy Greene.
2:52 of 2nd period - Stopped by Simeon Varlamov without a rebound.
2:53 of 2nd period - Matt Duchene wins face-off versus Jacob Josefson in Blues zone.
3:30 of 2nd period - Oscar Klefbom is hit by Mark Stone and loses puck.
4:12 of 2nd period - Off-side.
4:13 of 2nd period - Sidney Crosby wins face-off versus Drew Miller in neutral zone.
4:18 of 2nd period - Shot by Tobias Rieder.
4:18 of 2nd period - Shot Misses the Net.
4:20 of 2nd period - Shot by Oliver Setzinger.
4:20 of 2nd period - Shot Misses the Net.
4:22 of 2nd period - Shot by Sidney Crosby.
4:22 of 2nd period - Stopped by John Gibson with a rebound.
4:44 of 2nd period - Oliver Setzinger is hit by Anton Volchenkov and loses puck.
4:52 of 2nd period - Minor Penalty to Anton Volchenkov for Slashing.
4:53 of 2nd period - Ryan Getzlaf wins face-off versus Matt Duchene in Wild zone.
4:56 of 2nd period - Shot by Ryan Getzlaf.
4:56 of 2nd period - Shot Misses the Net.
5:12 of 2nd period - Shot by Anders Lee.
5:12 of 2nd period - Stopped by John Gibson without a rebound.
5:13 of 2nd period - Patric Hornqvist wins face-off versus Mikko Koivu in Wild zone.
5:14 of 2nd period - Shot by David Savard.
5:14 of 2nd period - Shot Misses the Net.
5:16 of 2nd period - Shot by Keith Yandle.
5:16 of 2nd period - Stopped by John Gibson with a rebound.
5:23 of 2nd period - Shot by Keith Yandle.
5:23 of 2nd period - Stopped by John Gibson with a rebound.
5:25 of 2nd period - Shot by Patric Hornqvist.
5:25 of 2nd period - Goal by Patric Hornqvist - Blues : 3 - Wild : 1.
5:26 of 2nd period - Frans Nielsen wins face-off versus Ryan Hamilton in neutral zone.
5:29 of 2nd period - Shot by Michal Birner.
5:29 of 2nd period - Goal by Michal Birner - Blues : 4 - Wild : 1.
5:30 of 2nd period - Mikko Koivu wins face-off versus Ryan Getzlaf in neutral zone.
5:35 of 2nd period - Icing by Ryan Getzlaf.
5:36 of 2nd period - Ryan Getzlaf wins face-off versus Mikko Koivu in Blues zone.
5:40 of 2nd period - Trevor Daley is hit by Ian White and loses puck.
5:59 of 2nd period - Shot by Dylan Hunter.
5:59 of 2nd period - Stopped by Simeon Varlamov without a rebound.
6:00 of 2nd period - Matt Duchene wins face-off versus Sidney Crosby in Blues zone.
6:00 of 2nd period - Matt Duchene is hit by David Savard.
6:12 of 2nd period - Shot by Matt Duchene.
6:12 of 2nd period - Stopped by Simeon Varlamov without a rebound.
6:13 of 2nd period - Ryan Getzlaf wins face-off versus Mikko Koivu in Blues zone.
6:13 of 2nd period - Ryan Getzlaf is hit by Dylan Hunter.
6:20 of 2nd period - Ryan Getzlaf is hit by Ian White and loses puck.
7:18 of 2nd period - Shot by Jason Pominville.
7:18 of 2nd period - Shot Misses the Net.
7:20 of 2nd period - Shot by Jason Pominville.
7:20 of 2nd period - Shot Misses the Net.
7:30 of 2nd period - Shot by Jason Pominville.
7:30 of 2nd period - Shot Misses the Net.
7:32 of 2nd period - Shot by Jason Pominville.
7:32 of 2nd period - Shot Hit the Post.
7:54 of 2nd period - Shot by Paul Ranger.
7:54 of 2nd period - Deflect By Jason Pominville.
7:54 of 2nd period - Shot Misses the Net.
8:22 of 2nd period - Shot by Michal Birner.
8:22 of 2nd period - Shot Blocked by Tim Conboy.
8:24 of 2nd period - Shot by Trevor Daley.
8:24 of 2nd period - Stopped by John Gibson without a rebound.
8:25 of 2nd period - Jacob Josefson wins face-off versus Ryan Hamilton in Wild zone.
8:26 of 2nd period - Shot by Anders Lee.
8:26 of 2nd period - Shot Misses the Net.
8:45 of 2nd period - Anders Lee is hit by Ian White and loses puck.
9:38 of 2nd period - Shot by Patric Hornqvist.
9:38 of 2nd period - Stopped by John Gibson without a rebound.
9:39 of 2nd period - Matt D'Agostini wins face-off versus Matt Duchene in Wild zone.
9:53 of 2nd period - Shot by Jason Pominville.
9:53 of 2nd period - Shot Misses the Net.
10:01 of 2nd period - Shot by Matt Duchene.
10:01 of 2nd period - Stopped by Simeon Varlamov without a rebound.
10:02 of 2nd period - Mikko Koivu wins face-off versus Sidney Crosby in Blues zone.
10:03 of 2nd period - Shot by Dylan Hunter.
10:03 of 2nd period - Stopped by Simeon Varlamov without a rebound.
10:04 of 2nd period - Mikko Koivu wins face-off versus Sidney Crosby in Blues zone.
10:04 of 2nd period - Mikko Koivu is hit by Mike Weber.
10:06 of 2nd period - Shot by Dylan Hunter.
10:06 of 2nd period - Stopped by Simeon Varlamov without a rebound.
10:07 of 2nd period - Matt Duchene wins face-off versus Sidney Crosby in Blues zone.
10:40 of 2nd period - Shot by Jason Pominville.
10:40 of 2nd period - Shot Misses the Net.
10:59 of 2nd period - Marvin Degon is hit by Mike Weber and loses puck.
11:03 of 2nd period - Icing by Trevor Daley.
11:04 of 2nd period - Mikko Koivu wins face-off versus Ryan Getzlaf in Blues zone.
11:05 of 2nd period - Shot by Leon Draisaitl.
11:05 of 2nd period - Shot Blocked by Mike Weber.
12:04 of 2nd period - Icing by Mike Weber.
12:05 of 2nd period - Ryan Hamilton wins face-off versus Ryan Getzlaf in Blues zone.
12:07 of 2nd period - Colin Wilson is hit by Mike Weber and loses puck.
13:13 of 2nd period - Icing by Sidney Crosby.
13:14 of 2nd period - Matt Duchene wins face-off versus Sidney Crosby in Blues zone.
13:15 of 2nd period - Shot by Jason Pominville.
13:15 of 2nd period - Shot Blocked by David Savard.
13:33 of 2nd period - Shot by Jason Pominville.
13:33 of 2nd period - Shot Misses the Net.
13:39 of 2nd period - Shot by Frans Nielsen.
13:39 of 2nd period - Stopped by John Gibson without a rebound.
13:40 of 2nd period - Mikko Koivu wins face-off versus Jacob Josefson in Wild zone.
13:45 of 2nd period - Off-side.
13:46 of 2nd period - Mikko Koivu wins face-off versus Frans Nielsen in neutral zone.
14:46 of 2nd period - Shot by Martin Erat.
14:46 of 2nd period - Shot Misses the Net.
14:48 of 2nd period - Shot by Ryan Getzlaf.
14:48 of 2nd period - Shot Misses the Net.
15:14 of 2nd period - Shot by Mark Stone.
15:14 of 2nd period - Shot Blocked by Nate Guenin.
15:17 of 2nd period - Icing by Nate Guenin.
15:18 of 2nd period - Drew Miller wins face-off versus Ryan Getzlaf in Blues zone.
15:18 of 2nd period - Peter Olvecky is hit by Nate Guenin.
16:18 of 2nd period - Icing by Anton Volchenkov.
16:19 of 2nd period - Frans Nielsen wins face-off versus Drew Miller in Wild zone.
16:24 of 2nd period - Shot by Matt D'Agostini.
16:24 of 2nd period - Deflect By Frans Nielsen.
16:24 of 2nd period - Shot Blocked by Anton Volchenkov.
17:08 of 2nd period - Icing by Anton Volchenkov.
17:09 of 2nd period - Ryan Getzlaf wins face-off versus Drew Miller in Wild zone.
17:28 of 2nd period - Shot by Martin Erat.
17:28 of 2nd period - Shot Misses the Net.
17:30 of 2nd period - Shot by David Savard.
17:30 of 2nd period - Shot Blocked by Peter Olvecky.
17:38 of 2nd period - Shot by Patric Hornqvist.
17:38 of 2nd period - Stopped by John Gibson without a rebound.
17:39 of 2nd period - Matt Duchene wins face-off versus Sidney Crosby in Wild zone.
17:51 of 2nd period - Icing by Keith Yandle.
17:52 of 2nd period - Dylan Hunter wins face-off versus Sidney Crosby in Blues zone.
17:55 of 2nd period - Shot by Mikko Koivu.
17:55 of 2nd period - Shot Misses the Net.
17:57 of 2nd period - Shot by Marvin Degon.
17:57 of 2nd period - Stopped by Simeon Varlamov without a rebound.
17:58 of 2nd period - Mikko Koivu wins face-off versus Ryan Getzlaf in Blues zone.
18:08 of 2nd period - Minor Penalty to David Savard for Interference.
18:09 of 2nd period - Sidney Crosby wins face-off versus Mikko Koivu in Blues zone.
18:21 of 2nd period - Ian White is hit by Mike Weber and loses puck.
18:51 of 2nd period - Shot by Mark Stone.
18:51 of 2nd period - Shot Misses the Net.
Goals for this period are 2 for Blues vs 0 for Wild.
Shots for this period are 10 for Blues vs 9 for Wild.

3rd period


0:01 of 3rd period - Sidney Crosby wins face-off versus Johan Franzen in neutral zone.
0:20 of 3rd period - Shot by Leon Draisaitl.
0:20 of 3rd period - Shot Misses the Net.
0:22 of 3rd period - Shot by Mikko Koivu.
0:22 of 3rd period - Deflect By Dylan Hunter.
0:22 of 3rd period - Shot Misses the Net.
0:24 of 3rd period - Shot by Leon Draisaitl.
0:24 of 3rd period - Deflect By Mikko Koivu.
0:24 of 3rd period - Stopped by Simeon Varlamov without a rebound.
0:25 of 3rd period - Matt Duchene wins face-off versus Sidney Crosby in Blues zone.
0:26 of 3rd period - Shot by Mark Stone.
0:26 of 3rd period - Shot Misses the Net.
0:34 of 3rd period - Shot by Oliver Setzinger.
0:34 of 3rd period - Stopped by John Gibson with a rebound.
1:35 of 3rd period - Shot by Ryan Getzlaf.
1:35 of 3rd period - Stopped by John Gibson without a rebound.
1:36 of 3rd period - Frans Nielsen wins face-off versus Drew Miller in Wild zone.
1:47 of 3rd period - Shot by Drew Miller.
1:47 of 3rd period - Stopped by Simeon Varlamov without a rebound.
1:48 of 3rd period - Mikko Koivu wins face-off versus Ryan Getzlaf in Blues zone.
1:48 of 3rd period - Mikko Koivu is hit by David Savard.
1:54 of 3rd period - Shot by Leon Draisaitl.
1:54 of 3rd period - Deflect By Dylan Hunter.
1:54 of 3rd period - Shot Misses the Net.
1:58 of 3rd period - Shot by Ian White.
1:58 of 3rd period - Stopped by Simeon Varlamov without a rebound.
1:59 of 3rd period - Frans Nielsen wins face-off versus Drew Miller in Blues zone.
1:59 of 3rd period - Michal Birner is hit by Peter Olvecky and loses puck.
2:26 of 3rd period - Shot by Peter Olvecky.
2:26 of 3rd period - Stopped by Simeon Varlamov without a rebound.
2:27 of 3rd period - Sidney Crosby wins face-off versus Mikko Koivu in Blues zone.
2:51 of 3rd period - Icing by Oscar Klefbom.
2:52 of 3rd period - Matt Duchene wins face-off versus Sidney Crosby in Blues zone.
2:56 of 3rd period - Icing by David Savard.
2:57 of 3rd period - Matt Duchene wins face-off versus Sidney Crosby in Blues zone.
3:03 of 3rd period - Shot by Jason Pominville.
3:03 of 3rd period - Stopped by Simeon Varlamov with a rebound.
3:14 of 3rd period - Icing by Oscar Klefbom.
3:15 of 3rd period - Mikko Koivu wins face-off versus Sidney Crosby in Blues zone.
3:31 of 3rd period - Minor Penalty to Sidney Crosby for Hooking.
3:32 of 3rd period - Ryan Getzlaf wins face-off versus Johan Franzen in Blues zone.
4:07 of 3rd period - Icing by Johan Franzen.
4:08 of 3rd period - Johan Franzen wins face-off versus Ryan Getzlaf in Wild zone.
4:10 of 3rd period - Icing by Drew Miller.
4:11 of 3rd period - Drew Miller wins face-off versus Matt D'Agostini in Wild zone.
4:34 of 3rd period - Icing by Johan Franzen.
4:35 of 3rd period - Frans Nielsen wins face-off versus Johan Franzen in Wild zone.
4:40 of 3rd period - Shot by Frans Nielsen.
4:40 of 3rd period - Stopped by John Gibson without a rebound.
4:41 of 3rd period - Mikko Koivu wins face-off versus Ryan Getzlaf in Wild zone.
4:48 of 3rd period - Shot by Marvin Degon.
4:48 of 3rd period - Stopped by Simeon Varlamov without a rebound.
4:49 of 3rd period - Ryan Getzlaf wins face-off versus Mikko Koivu in Blues zone.
5:08 of 3rd period - Shot by Marvin Degon.
5:08 of 3rd period - Shot Misses the Net.
5:10 of 3rd period - Shot by Ian White.
5:10 of 3rd period - Stopped by Simeon Varlamov without a rebound.
5:11 of 3rd period - Matt Duchene wins face-off versus Matt D'Agostini in Blues zone.
5:32 of 3rd period - Shot by Ryan Hamilton.
5:32 of 3rd period - Stopped by Simeon Varlamov without a rebound.
5:33 of 3rd period - Mikko Koivu wins face-off versus Sidney Crosby in Blues zone.
6:53 of 3rd period - Shot by Mark Stone.
6:53 of 3rd period - Stopped by Simeon Varlamov with a rebound.
7:15 of 3rd period - Shot by Ryan Getzlaf.
7:15 of 3rd period - Deflect By Patric Hornqvist.
7:15 of 3rd period - Shot Misses the Net.
7:17 of 3rd period - Shot by Patric Hornqvist.
7:17 of 3rd period - Deflect By Ryan Getzlaf.
7:17 of 3rd period - Stopped by John Gibson without a rebound.
7:18 of 3rd period - Frans Nielsen wins face-off versus Drew Miller in Wild zone.
7:22 of 3rd period - Minor Penalty to Matt D'Agostini for Slashing.
7:23 of 3rd period - Sidney Crosby wins face-off versus Johan Franzen in Blues zone.
7:36 of 3rd period - Shot by Johan Franzen.
7:36 of 3rd period - Stopped by Simeon Varlamov without a rebound.
7:37 of 3rd period - Sidney Crosby wins face-off versus Mikko Koivu in Blues zone.
7:37 of 3rd period - Sidney Crosby is hit by Dylan Hunter.
8:35 of 3rd period - Shot by Matt Duchene.
8:35 of 3rd period - Deflect By Drew Miller.
8:35 of 3rd period - Stopped by Simeon Varlamov without a rebound.
8:36 of 3rd period - Johan Franzen wins face-off versus Sidney Crosby in Blues zone.
8:42 of 3rd period - Matt Duchene is hit by Nate Guenin.
8:52 of 3rd period - Shot by Matt Duchene.
8:52 of 3rd period - Shot Misses the Net.
9:10 of 3rd period - Shot by Drew Miller.
9:10 of 3rd period - Deflect By Matt Duchene.
9:10 of 3rd period - Stopped by Simeon Varlamov without a rebound.
9:11 of 3rd period - Mikko Koivu wins face-off versus Ryan Getzlaf in Blues zone.
9:39 of 3rd period - Frans Nielsen is hit by Ian White and loses puck.
9:45 of 3rd period - Icing by Colin Wilson.
9:46 of 3rd period - Ryan Hamilton wins face-off versus Patric Hornqvist in Wild zone.
9:48 of 3rd period - Icing by Nicolas Blanchard.
9:49 of 3rd period - Ryan Hamilton wins face-off versus Ryan Getzlaf in Wild zone.
9:54 of 3rd period - Shot by Ryan Hamilton.
9:54 of 3rd period - Deflect By Nicolas Blanchard.
9:54 of 3rd period - Shot Blocked by Ryan Getzlaf.
9:56 of 3rd period - Shot by Nicolas Blanchard.
9:56 of 3rd period - Stopped by Simeon Varlamov without a rebound.
9:57 of 3rd period - Matt Duchene wins face-off versus Ryan Getzlaf in Blues zone.
10:06 of 3rd period - Shot by Ryan Getzlaf.
10:06 of 3rd period - Stopped by John Gibson without a rebound.
10:07 of 3rd period - Mikko Koivu wins face-off versus Sidney Crosby in Wild zone.
10:17 of 3rd period - Icing by Mike Weber.
10:18 of 3rd period - Sidney Crosby wins face-off versus Matt Duchene in Blues zone.
10:26 of 3rd period - Icing by Mark Stone.
10:27 of 3rd period - Ryan Getzlaf wins face-off versus Matt Duchene in Wild zone.
10:32 of 3rd period - Shot by Ryan Getzlaf.
10:32 of 3rd period - Shot Misses the Net.
10:34 of 3rd period - Shot by David Savard.
10:34 of 3rd period - Shot Misses the Net.
10:36 of 3rd period - Shot by Ryan Getzlaf.
10:36 of 3rd period - Stopped by John Gibson without a rebound.
10:37 of 3rd period - Mikko Koivu wins face-off versus Frans Nielsen in Wild zone.
10:56 of 3rd period - Shot by Michal Birner.
10:56 of 3rd period - Deflect By Frans Nielsen.
10:56 of 3rd period - Stopped by John Gibson with a rebound.
11:08 of 3rd period - Shot by Dylan Hunter.
11:08 of 3rd period - Stopped by Simeon Varlamov without a rebound.
11:09 of 3rd period - Matt Duchene wins face-off versus Ryan Getzlaf in Blues zone.
11:10 of 3rd period - Shot by Jason Pominville.
11:10 of 3rd period - Deflect By Matt Duchene.
11:10 of 3rd period - Stopped by Simeon Varlamov without a rebound.
11:11 of 3rd period - Matt Duchene wins face-off versus Ryan Getzlaf in Blues zone.
11:44 of 3rd period - Shot by Jason Pominville.
11:44 of 3rd period - Goal by Jason Pominville - Blues : 4 - Wild : 2.
11:45 of 3rd period - Sidney Crosby wins face-off versus Mikko Koivu in neutral zone.
12:13 of 3rd period - Shot by Sidney Crosby.
12:13 of 3rd period - Shot Misses the Net.
12:21 of 3rd period - Icing by Tobias Rieder.
12:22 of 3rd period - Matt Duchene wins face-off versus Tobias Rieder in Blues zone.
12:23 of 3rd period - Shot by Mark Stone.
12:23 of 3rd period - Shot Misses the Net.
12:37 of 3rd period - Shot by Oliver Setzinger.
12:37 of 3rd period - Shot Misses the Net.
13:00 of 3rd period - Patric Hornqvist is hit by Paul Ranger and loses puck.
13:11 of 3rd period - Shot by Patric Hornqvist.
13:11 of 3rd period - Stopped by John Gibson with a rebound.
13:18 of 3rd period - Minor Penalty to Marvin Degon for Hooking.
13:19 of 3rd period - Ryan Getzlaf wins face-off versus Mikko Koivu in Wild zone.
13:49 of 3rd period - Off-side.
13:50 of 3rd period - Matt Duchene wins face-off versus Sidney Crosby in neutral zone.
14:11 of 3rd period - Shot by Oliver Setzinger.
14:11 of 3rd period - Shot Blocked by Tim Conboy.
14:13 of 3rd period - Shot by David Savard.
14:13 of 3rd period - Stopped by John Gibson without a rebound.
14:14 of 3rd period - Mikko Koivu wins face-off versus Sidney Crosby in Wild zone.
14:14 of 3rd period - Mikko Koivu is hit by Sidney Crosby.
14:43 of 3rd period - Shot by David Savard.
14:43 of 3rd period - Shot Blocked by Anton Volchenkov.
15:07 of 3rd period - Shot by Ryan Getzlaf.
15:07 of 3rd period - Shot Misses the Net.
15:09 of 3rd period - Shot by Ryan Getzlaf.
15:09 of 3rd period - Shot Blocked by Johan Franzen.
15:11 of 3rd period - Shot by Anders Lee.
15:11 of 3rd period - Shot Misses the Net.
15:13 of 3rd period - Shot by Ryan Getzlaf.
15:13 of 3rd period - Shot Misses the Net.
15:15 of 3rd period - Shot by Oscar Klefbom.
15:15 of 3rd period - Stopped by John Gibson without a rebound.
15:16 of 3rd period - Mikko Koivu wins face-off versus Ryan Getzlaf in Wild zone.
15:48 of 3rd period - Icing by Mike Weber.
15:49 of 3rd period - Mikko Koivu wins face-off versus Frans Nielsen in Blues zone.
16:44 of 3rd period - Shot by Ryan Getzlaf.
16:44 of 3rd period - Shot Misses the Net.
16:46 of 3rd period - Shot by David Savard.
16:46 of 3rd period - Stopped by John Gibson with a rebound.
17:25 of 3rd period - Shot by Jason Pominville.
17:25 of 3rd period - Deflect By Mark Stone.
17:25 of 3rd period - Shot Misses the Net.
17:29 of 3rd period - Shot by Jason Pominville.
17:29 of 3rd period - Stopped by Simeon Varlamov without a rebound.
17:30 of 3rd period - Drew Miller wins face-off versus Jacob Josefson in Blues zone.
17:31 of 3rd period - Shot by Johan Franzen.
17:31 of 3rd period - Shot Misses the Net.
17:39 of 3rd period - Shot by Anders Lee.
17:39 of 3rd period - Stopped by John Gibson without a rebound.
17:40 of 3rd period - Frans Nielsen wins face-off versus Matt Duchene in Wild zone.
18:19 of 3rd period - Icing by Keith Yandle.
18:20 of 3rd period - Frans Nielsen wins face-off versus Drew Miller in Blues zone.
19:02 of 3rd period - Shot by Patric Hornqvist.
19:02 of 3rd period - Stopped by John Gibson without a rebound.
19:03 of 3rd period - Sidney Crosby wins face-off versus Mikko Koivu in Wild zone.
19:30 of 3rd period - Icing by Oliver Setzinger.
19:31 of 3rd period - Sidney Crosby wins face-off versus Matt Duchene in Blues zone.
19:49 of 3rd period - Icing by Paul Ranger.
19:50 of 3rd period - Ryan Getzlaf wins face-off versus Matt Duchene in Wild zone.
19:54 of 3rd period - Icing by Marvin Degon.
19:55 of 3rd period - Mark Stone wins face-off versus Patric Hornqvist in Wild zone.
Goals for this period are 0 for Blues vs 1 for Wild.
Shots for this period are 13 for Blues vs 17 for Wild.